 Dungeon Crawl Stone Soup version 0.18-a0-1811-g3a71842 (webtiles) character file.

186 Kenran the Ruffian (level 5, -3/32 HPs)
             Began as a Gargoyle Monk on Apr 27, 2016.
             Killed from afar by an orc wizard (6 damage)
             ... with a puff of flame
             ... on level 3 of the Dungeon.
             The game lasted 00:04:35 (2499 turns).

Kenran the Ruffian (Gargoyle Monk)                  Turns: 2499, Time: 00:04:37

Health: -3/32      AC:  7    Str: 15    XL:     5   Next: 65%
Magic:  5/5        EV: 12    Int: 10    God:
Gold:   131        SH:  0    Dex: 13    Spells: 0 memorised, 4 levels left

rFire  . . .     SeeInvis .       - Unarmed
rCold  . . .     Gourm    .     a - +0 robe
rNeg   + . .     Faith    .     (no shield)
rPois  ∞         Spirit   .     (no helmet)
rElec  +         Dismiss  .     (no cloak)
rCorr  .         Reflect  .     (no gloves)
SustAt .         Harm     .     r - +0 pair of boots
MR     .....                    (no amulet)
Stlth  ++........               (no ring)
                                (no ring)

@: not resistant to hostile enchantments, unstealthy
A: negative energy resistance 1, electricity resistance, unbreathing,
petrification resistance, rot immunity, AC +4
a: no special abilities


You were on level 3 of the Dungeon.
You were very hungry.

You visited 1 branch of the dungeon, and saw 3 of its levels.

You collected 131 gold pieces.

Inventory:

Armour
 a - a +0 robe (worn)
 r - a +0 pair of boots (worn)
Jewellery
 i - an uncursed ring of ice {unknown}
Scrolls
 e - 4 scrolls of remove curse {unknown}
 g - 2 scrolls of identify {unknown}
 h - a scroll of magic mapping {unknown}
 j - a scroll of immolation {unknown}
 l - a scroll of noise {unknown}
 m - a scroll of fear {unknown}
 o - a scroll of recharging {unknown}
 p - a scroll of random uselessness {unknown}
 q - a scroll of blinking {unknown}
Potions
 d - a potion of ambrosia {unknown}
 f - a potion of brilliance {unknown}
 k - a potion of might {unknown}
 n - a potion of curing {unknown}
Comestibles
 b - 5 bread rations
 c - 5 fruits


   Skills:
 - Level 3.2 Fighting
 - Level 2.4 Dodging
 - Level 2.1 Stealth
 + Level 6.7 Unarmed Combat


You had 4 spell levels left.
You didn't know any spells.

Dungeon Overview and Level Annotations

Branches:
Dungeon (3/15)

Altars:


Innate Abilities, Weirdness & Mutations

You are resistant to torment.
Your stone body is resilient (AC +4).
You are immune to poison.
You resist negative energy.
You are resistant to electric shocks.
You can survive without breathing.
You are immune to petrification.
You are immune to rotting.


Message History

The orc wizard barely misses you. The orc hits you with a hand axe.
You barely miss the orc wizard. The orc wizard closely misses you.
The orc barely misses you.
You barely miss the orc wizard. The orc wizard casts a spell at you.
The puff of flame hits you!
* * * LOW HITPOINT WARNING * * *
The crimson imp misses you.
You hit the orc wizard.
The orc wizard is moderately wounded.
The orc completely misses you. The orc wizard barely misses you.
The crimson imp hits you.
* * * LOW HITPOINT WARNING * * *
You hit the orc wizard.
The orc wizard is severely wounded.
The orc hits you with a hand axe.
* * * LOW HITPOINT WARNING * * *
The orc wizard points at you and mumbles some strange words.
The puff of flame hits you!
You die...

.'........ #........ ##........
#........ #........ #...)....
##........ #.......[ ..........
#........ .#........ #........
......[... #........
##...........############........
....(..........o@................
...............5o.....###........
#####################.# ######...
#.# #.## #.. #.# #... #.# #....
#.# #..... #.# #.#


You could see an orc wizard, a crimson imp and an orc.

Vanquished Creatures
  The ghost of Ylmarch the Magician, an amateur TeSk (D:3)
  2 adders
  A worm (D:3)
  3 giant geckos
  An orc (D:3)
  8 bats
  3 giant cockroaches
  6 goblins
  7 hobgoblins
  5 jackals (D:2)
  5 kobolds
  4 giant newts
  5 rats
51 creatures vanquished.

Notes
Turn   | Place    | Note
--------------------------------------------------------------
     0 | D:1      | Kenran the Gargoyle Monk began the quest for the Orb.
     0 | D:1      | Reached XP level 1. HP: 14/14 MP: 1/1
    76 | D:1      | Reached XP level 2. HP: 19/19 MP: 2/2
   828 | D:1      | Reached XP level 3. HP: 23/23 MP: 3/3
  1044 | D:2      | Reached skill level 5 in Unarmed Combat
  1958 | D:3      | Reached XP level 4. HP: 21/28 MP: 4/4
  2475 | D:3      | Noticed Ylmarch's ghost (amateur TeSk)
  2495 | D:3      | Killed Ylmarch's ghost
  2495 | D:3      | Reached skill level 6 in Unarmed Combat
  2495 | D:3      | Reached XP level 5. HP: 18/32 MP: 5/5
  2499 | D:3      | Killed from afar by an orc wizard

Vault maps used:
D:1:      saegor_arrival_simple_b, roderic_roman_lattice, hex_tiny
D:3:      first_bread

Skill      XL: |  1  2  3  4 |
---------------+-------------+-----
Unarmed Combat | 5 6 |  6.7
Fighting       | |  3.2
Dodging        | |  2.4
Stealth        | |  2.1

Action                   |  1- 3 |  4- 6 || total
-------------------------+-------+-------++-------
Melee: Unarmed           |   143 |    51 ||   194
       Punch             |     2 |     1 ||     3
 Stab: Sleeping          |     4 |       ||     4
  Eat: Chunk             |     3 |     1 ||     4
Armor: Robe              |    38 |    25 ||    63
Dodge: Dodged            |    80 |    28 ||   108
